 Dungeon Crawl Stone Soup version 0.27-b1-42-g19c61b19a5 (webtiles) character file.

Game seed: 5542706600617729294

303 ZARRMARR the Covered (level 6, -9/52 HPs)
             Began as a Minotaur Fighter on July 29, 2021.
             Mangled by an ogre (12 damage)
             ... on level 4 of the Dungeon.
             The game lasted 00:18:39 (3472 turns).

ZARRMARR the Covered (Minotaur Fighter)             Turns: 3472, Time: 00:18:40

Health: -9/52      AC:  7    Str: 29    XL:     6   Next: 15%
Magic:  5/5        EV:  8    Int:  5    God:
Gold:   139        SH: 10    Dex:  9    Spells: 5/5 levels left

rFire    . . .     SeeInvis .   q - +1 whip (elec)
rCold    + + .     Faith    .   c - +0 kite shield
rNeg     + . .     Spirit   .   b - +0 scale mail
rPois    .         Reflect  .   (helmet restricted)
rElec    .         Harm     .   (no cloak)
rCorr    .         Rampage  .   (no gloves)
Will     .....                  (no boots)
Stlth    ..........             (no amulet)
HPRegen  0.17/turn              k - +6 ring of strength
MPRegen  0.09/turn              f - ring of the Postmodern Mice {rC++ rN+}

@: no status effects
A: horns 2, retaliatory headbutt
a: no special abilities


You were on level 4 of the Dungeon.
You visited 1 branch of the dungeon, and saw 4 of its levels.

You collected 139 gold pieces.

Inventory:

Hand Weapons
 q - a +1 whip of electrocution (weapon)
 u - a +3 dagger of venom
Missiles
 p - 124 stones
 r - 4 boomerangs (quivered)
Armour
 b - a +0 scale mail (worn)
 c - a +0 kite shield (worn)
Magical Staves
 n - a staff of death
Jewellery
 f - the ring of the Postmodern Mice (right hand) {rC++ rN+}
   (You acquired it on level 1 of the Dungeon)

   [ring of positive energy]

   rC:        It greatly protects you from cold.
   rN:        It protects you from negative energy.
 k - a +6 ring of strength (left hand)
 l - a ring of willpower
Scrolls
 h - a scroll of immolation
 j - a scroll of blinking
 o - a scroll of teleportation
 s - a scroll of brand weapon
Potions
 a - a potion of heal wounds
 d - a potion of might
 e - a potion of curing
 i - a potion of magic {unknown}
 m - a potion of cancellation {unknown}
 t - a potion of mutation {unknown}


   Skills:
 + Level 4.1 Fighting
 + Level 3.9 Maces & Flails
 * Level 2.7 Throwing
 + Level 5.0 Armour
 + Level 1.4 Dodging
 + Level 5.0 Shields


You had 5 spell levels left.
You didn't know any spells.
Your spell library contained the following spells:

 Spells                   Type           Power      Damage    Failure   Level
 Summon Small Mammal      Summ           0%         N/A       98%         1
 Corpse Rot               Necr/Air       N/A        N/A       99%         2
 Poisonous Vapours        Pois/Air       0%         N/A       99%         2
 Call Canine Familiar     Summ           0%         N/A       100%        3
 Summon Guardian Golem    Hex/Summ       0%         N/A       100%        3
 Freezing Cloud           Conj/Ice/Air   0%         6-21      100%        5


Dungeon Overview and Level Annotations

Branches:
Dungeon (4/15)
 Temple: D:4-7

Altars:


Innate Abilities, Weirdness & Mutations

You have a pair of horns on your head.
You reflexively headbutt those who attack you in melee.


Message History

An ogre comes into view. It is wielding a +0 giant club.
The ogre shouts!
Throw: 4 boomerangs
Press: ? - help, Q - select action, (/) - cycle Shift-Dir - straight line, f - ogre
Aim: an ogre, wielding a +0 giant club (73% to hit)
You throw a boomerang. The boomerang barely misses the ogre.
Throw: 4 boomerangs
Press: ? - help, Q - select action, (/) - cycle Shift-Dir - straight line, f/p - ogre
Aim: an ogre, wielding a +0 giant club (73% to hit)
You throw a boomerang. The boomerang hits the ogre!
The ogre is moderately wounded.
Throw: 4 boomerangs
Press: ? - help, Q - select action, (/) - cycle Shift-Dir - straight line, f/p - ogre
Aim: an ogre, wielding a +0 giant club (moderately wounded, 73% to hit)
You throw a boomerang. The boomerang hits the ogre!
The ogre is heavily wounded.
Throw: 4 boomerangs
Press: ? - help, Q - select action, (/) - cycle Shift-Dir - straight line, f/p - ogre
Aim: an ogre, wielding a +0 giant club (heavily wounded, 73% to hit)
You throw a boomerang.
The boomerang hits the ogre but does no damage.
The ogre is heavily wounded.
The ogre hits you with a +0 giant club!!
You hit the ogre.
The ogre is severely wounded.
The ogre hits you with a +0 giant club!
* * * LOW HITPOINT WARNING * * *
You barely miss the ogre.
You headbutt the ogre, but do no damage.
The ogre is severely wounded.
Unknown command.
You hit the ogre.
The ogre is severely wounded.
The ogre hits you with a +0 giant club!
* * * LOW HITPOINT WARNING * * *
Unknown command.
You closely miss the ogre.
The ogre is severely wounded.
The ogre hits you with a +0 giant club!
You die...

#.....# #.....# ########
#.....### ......
#.......# .....# #
#.......# ....###..
#.......# .........
#....)..# #........
#####...####....##.. .#
#...#...@O......
..#######...#..#........
........#...............
........................
.##.##...#..#...........
.##.................#...
........................
..#.................##.#
.........#<.##.......


You could see an ogre.

Vanquished Creatures
  An ogre (D:3)
  An orc wizard (D:1)
  Robin (D:3)
  9 adders
  2 worms (D:3)
  A dart slug (D:1)
  4 orcs
  4 endoplasms
  3 giant cockroaches
  17 goblins
  6 hobgoblins
  2 jackals (D:3)
  7 quokkas
  5 ball pythons
  6 bats
  10 frilled lizards
  6 kobolds
  5 rats
90 creatures vanquished.

Notes
Turn   | Place    | Note
-------+----------+-------------------------------------------
     0 | D:1      | ZARRMARR the Minotaur Fighter began the quest for the Orb.
     0 | D:1      | Reached XP level 1. HP: 19/19 MP: 0/0
   255 | D:1      | Reached XP level 2. HP: 27/27 MP: 1/1
   966 | D:1      | Identified a scroll of acquirement
   969 | D:1      | Acquired the ring of the Postmodern Mice {rC++ rN+}
  1096 | D:1      | Reached XP level 3. HP: 28/33 MP: 2/2
  1292 | D:2      | Reached skill level 1 in Dodging
  1556 | D:2      | Reached XP level 4. HP: 39/40 MP: 3/3
  2596 | D:3      | Reached XP level 5. HP: 46/46 MP: 4/4
  2794 | D:3      | Noticed Robin
  2806 | D:3      | Killed Robin
  2812 | D:3      | Reached skill level 5 in Armour
  2835 | D:3      | Reached skill level 1 in Throwing
  2981 | D:3      | Noticed an ogre
  2985 | D:3      | Killed an ogre
  2989 | D:3      | Reached skill level 5 in Shields
  2989 | D:3      | Reached XP level 6. HP: 29/52 MP: 5/5
  3472 | D:4      | Mangled by an ogre

Illustrated notes

Levels and vault maps discovered:
D:1:      amcnicky_arrival_double_pillar, layout_basic
D:2:      minmay_razor_zed, layout_loops_ring
D:3:      layout_loops_cross, uniq_robin
D:4:      layout_basic

Skill      XL: |  1  2  3  4  5 |
---------------+----------------+-----
Shields        | 4 5 |  5.0
Armour         | 4 5 |  5.0
Maces & Flails | 3 |  3.9
Dodging        | 1 |  1.4
Fighting       | 4 |  4.1
Throwing       | 2 |  2.7

Action                   |  1- 3 |  4- 6 || total
-------------------------+-------+-------++-------
Melee: Flail             |    93 |    19 ||   112
       Headbutt          |    15 |    15 ||    30
       Whip              |       |    84 ||    84
Throw: Stone             |       |    20 ||    20
       Boomerang         |       |    51 ||    51
  Use: Scroll            |     4 |     4 ||     8
       Potion            |       |     1 ||     1
Armor: Scale mail        |    43 |    29 ||    72
Dodge: Dodged            |    30 |    23 ||    53
Block: Kite shield       |    57 |    53 ||   110
